 Dungeon Crawl Stone Soup version 0.20-a0-622-g01f5896 (webtiles) character file.

230586 kroki the Brawler (level 18, -2/188 HPs)
             Began as a Troll Venom Mage on Feb 9, 2017.
             Was a High Priest of Okawaru.
             Slain by a hog (6 damage)
             ... led by Kirke
             ... on level 3 of the Shoals.
             The game lasted 01:13:33 (44012 turns).

kroki the Brawler (Troll Venom Mage)               Turns: 44012, Time: 01:13:34

Health: -2/188     AC:  0    Str: 27    XL:     18   Next: 77%
Magic:  22/22      EV: 23    Int: 11    God:    Okawaru [*****.]
Gold:   1190       SH:  6    Dex: 10    Spells: 13/19 levels left

rFire    + . .     SeeInvis .     - Unarmed
rCold    + . .     Gourm    +   (armour currently unavailable)
rNeg     . . .     Faith    .   (shield currently unavailable)
rPois    +         Spirit   .   (helmet currently unavailable)
rElec    +         Reflect  +   (cloak currently unavailable)
rCorr    +         Harm     .   (gloves unavailable)
MR       +....                  (boots unavailable)
Stlth    +++.......             y - +6 amulet of reflection
Regen    0.9/turn               (ring currently unavailable)
                                (ring currently unavailable)

@: pig-form, resistant, heroism, very slightly contaminated, very quick
A: unfitting armour, (claws 0), fast metabolism 3, gourmand, regeneration 1,
(shaggy fur 0), (tough skin 0)
}: 1/15 runes: gossamer
a: Heroism, Finesse, Renounce Religion


You were on level 3 of the Shoals.
You worshipped Okawaru.
Okawaru was extremely pleased with you.
You were full.
You were a filthy swine.
You visited 7 branches of the dungeon, and saw 33 of its levels.
You visited the Abyss 1 time.
You also visited: Labyrinth, Ice Cave and Volcano.

You collected 2640 gold pieces.
You spent 1450 gold pieces at shops.

Inventory:

Missiles
 p - a large rock (quivered) {!d}
 R - 3 throwing nets {=f, !d}
Armour
 o - a +1 large shield of protection (melded)
   (You acquired it on level 6 of the Lair of Beasts)
 w - +0 fire dragon scales (melded)
   (You found it on level 3 of the Lair of Beasts)
 D - the +3 robe of Folly {Archmagi, MR-- Int+5}
   (You found it in a labyrinth)

   It affects your intelligence (+5).
   It affects your resistance to hostile enchantments.
 K - a +2 hat of magic resistance (melded)
   (Okawaru gifted it to you on level 12 of the Dungeon)
 P - a +2 cloak (melded)
   (You found it on level 13 of the Dungeon)
Magical Staves
 C - an uncursed staff of earth
   (You found it in a labyrinth)
Jewellery
 b - an uncursed ring of wizardry {Wiz+, !d}
   (You found it on level 12 of the Dungeon)
 r - a +3 ring of protection (melded)
   (You found it on level 6 of the Dungeon)
 s - an uncursed ring of see invisible {sInv, !d}
   (You found it on level 4 of the Dungeon)
 y - a +6 amulet of reflection (around neck)
   (You found it on level 1 of the Shoals)
 A - an uncursed ring of protection from cold {rC+, !d}
   (You found it in an ice cave)
 E - a +5 ring of evasion (melded) {=R}
   (You found it in a labyrinth)
 G - an uncursed ring of flight {+Fly, !d}
   (You found it on level 2 of the Shoals)
 I - an uncursed ring of protection from fire {rF+, !d}
   (You found it on level 5 of the Lair of Beasts)
 Z - the ring of Enlun {+Inv rElec MR- MP+9 Stlth-}
   (You found it in an ice cave)

   [ring of loudness]

   It insulates you from electricity.
   It affects your resistance to hostile enchantments.
   It affects your magic capacity (+9).
   It lets you turn invisible.
   It makes you less stealthy.
Wands
 a - a wand of clouds (1/9)
   (You found it on level 5 of the Lair of Beasts)
 d - a wand of flame (16/48)
   (You found it on level 3 of the Shoals)
Scrolls
 e - 9 scrolls of recharging
 f - a scroll of holy word {!r}
 h - 8 scrolls of enchant armour
 j - 8 scrolls of blinking {!r}
 l - 2 scrolls of teleportation
 n - 4 scrolls of fog
 q - a scroll of amnesia
 t - 7 scrolls of enchant weapon
 u - 11 scrolls of identify
 B - 2 scrolls of silence
 H - 11 scrolls of remove curse
 Q - 3 scrolls of magic mapping {!r}
 Y - 4 scrolls of fear
Potions
 g - 2 potions of resistance
 i - 7 potions of curing
 k - 4 potions of mutation {!q}
 v - 2 potions of magic
 F - 5 potions of brilliance
 M - 2 potions of invisibility
 N - a potion of ambrosia
 W - 2 potions of haste
 X - 2 potions of flight
Miscellaneous
 L - a phial of floods
   (You found it on level 3 of the Spider Nest)
Comestibles
 c - 12 bread rations {@e1}
 m - a royal jelly
 z - 12 fruits
 J - 6 meat rations {@e2}


   Skills:
 + Level 13.9(18.9) Fighting
 - Level 3.7(8.7) Throwing
 + Level 11.9(16.9) Dodging
 - Level 1.0(6.0) Stealth
 - Level 8.4(13.4) Shields
 + Level 17.0(22.0) Unarmed Combat
 - Level 1.2 Spellcasting
   Level 0.6 Conjurations
 * Level 8.8 Transmutations
 * Level 10.6 Earth Magic
   Level 2.1 Poison Magic
 - Level 7.3 Invocations
 - Level 3.0 Evocations


You had 13 spell levels left.
You knew the following spells:

 Your Spells              Type           Power        Failure   Level  Hunger
a - Statue Form           Tmut/Erth      ###......    85%         6    #######


Dungeon Overview and Level Annotations

Branches:
Dungeon (15/15)            Temple (1/1) D:5            Lair (6/6) D:10
 Shoals (4/4) Lair:4       Spider (4/4) Lair:3        Slime (0/5) Lair:5
    Orc (2/2) D:9             Elf (0/3) Orc:2        Vaults (0/5) D:14
 Depths (1/5) D:15

Altars:
Ashenzari
Cheibriados
Dithmenos
Elyvilon
Gozag
Hepliaklqana
Kikubaaqudgha
Makhleb
Nemelex Xobeh
Okawaru
Qazlal
Ru
Sif Muna
Trog
Uskayaw
Vehumet
Xom
Yredelemnul
Zin
The Shining One
Jiyva

Shops:
D:4 :   D:8 *?*:?   D:9 *   D:12 ?   Orc:1 *   Orc:2 %**(   Shoals:3 ?
Shoals:4 [

Annotations:
D:5 Menkaure
Lair:3 exclusion: hydra
Lair:6 exclusion: 4 oklob plants
Shoals:3 Kirke


Innate Abilities, Weirdness & Mutations

You are too large for most types of armour.
((You have claws for hands.))
Your metabolism is lightning-fast.
You like to eat raw meat.
Your natural rate of healing is unusually fast.
((You are covered in fur. (AC +1)))
((You have very tough skin. (AC +2)))


Message History

The ball of steam misses you.
The merfolk impaler is engulfed in blazing flames.
You block the merfolk impaler's attack.
You hear a shout!
As you read the scroll of teleportation, it crumbles to dust.
You feel strangely unstable. The merfolk impaler misses you.
The merfolk impaler is engulfed in blazing flames.
You block the merfolk impaler's attack.
The merfolk impaler is engulfed in blazing flames.
The merfolk impaler explodes!
Okawaru accepts your kill.
The merfolk impaler is engulfed in a cloud of scalding steam.
You block the merfolk impaler's attack.
The merfolk impaler is engulfed in a cloud of scalding steam.
The merfolk impaler hits you but does no damage.
Unknown command.
The merfolk impaler hits you from afar with a trident of protection!
* * * LOW HITPOINT WARNING * * *
The merfolk aquamancer is engulfed in a cloud of scalding steam.
You block the merfolk aquamancer's attack.
Unknown command.
Your surroundings suddenly seem different.
Splash!
You fall into the shallow water.
Moving in this stuff is going to be slow.
Kirke, Weaver of Myths comes into view.
Kirke shouts!
A hog comes into view.
The hog squeals angrily.
A merfolk comes into view. It is wielding a trident.
The merfolk shouts!
A water nymph comes into view.
The water nymph shouts!
A merfolk comes into view. It is wielding a trident of piercing.
The merfolk shouts!
A hog comes into view.
The hog squeals angrily.
A hog comes into view.
The hog squeals angrily.
A hog comes into view.
The hog squeals angrily.
Found a scroll of noise.
Found a stone staircase leading up.
A hog and a water elemental come into view.
Really read
j - 9 scrolls of blinking {!r}?
Blink to where?
As you read the scroll of blinking {!r}, it crumbles to dust.
A merfolk aquamancer and a water elemental come into view.
The merfolk aquamancer is wielding a rapier of speed.
The merfolk aquamancer shouts!
You block the hog's attack. x2
Found 28 gold pieces.
Found Viastroy's Antique Armour Shoppe.
Unknown command.
You block the hog's attack. The hog misses you. You block the hog's attack.
The hog bites you but does no damage.
Kirke splashes around in the water.
You block the hog's attack.
You climb upwards.
There is a stone staircase leading down here.
You can't go up here!
Unknown command.
You feel better. You block the hog's attack.
The hog bites you but does no damage. You block the hog's attack. x2
The hog bites you but does no damage. You block Kirke's attack.
You feel better.
You block the hog's attack. x2; The hog misses you.
The hog bites you but does no damage. You block the hog's attack.
Kirke hits you but does no damage. You block the hog's attack.
You are confused.
You feel invigorated. The hog barely misses you. The hog closely misses you.
The hog completely misses you. The hog bites you but does no damage.
Kirke gestures at you while chanting.
You turn into a filthy swine.
Your +2 cloak melds into your body.
Your +2 hat of magic resistance melds into your body.
Your +1 large shield of protection melds into your body.
Your +0 fire dragon scales melds into your body.
Your +5 ring of evasion {=R} melds into your body.
Your +3 ring of protection melds into your body.
You feel less resistant to hostile enchantments.
You feel less protected.
Unknown command.
You hit Kirke. The hog completely misses you. The hog misses you.
The hog barely misses you. x2
Unknown command.
You hit the hog. The hog completely misses you. The hog bites you!
* * * LOW HITPOINT WARNING * * *
Kirke casts a spell at you. You resist with significant effort.
The hog misses you. The hog bites you!
* * * LOW HITPOINT WARNING * * *
Unknown command.
You hit Kirke. The hog bites you!
* * * LOW HITPOINT WARNING * * *
The hog completely misses you. The hog misses you. Kirke hits you.
* * * LOW HITPOINT WARNING * * *
The hog misses you.
Unknown command.
You feel better.
You feel less invigorated. You block the hog's attack.
The hog completely misses you. x3; Kirke hits you!
* * * LOW HITPOINT WARNING * * *
You feel protected.
The hog completely misses you. x2; The hog barely misses you.
The hog bites you.
You die...

≈≈≈≈≈≈≈)≈≈≈≈≈≈≈≈≈≈...≈≈≈≈≈≈≈≈≈≈≈
≈≈≈≈≈≈≈(.(.....≈≈......≈≈≈≈≈≈≈≈≈
≈≈≈≈≈≈≈≈.....(≈≈≈......≈≈≈≈≈≈≈)≈
≈≈≈≈≈≈≈≈...)..≈≈≈≈≈≈≈.≈≈≈≈≈≈(≈≈≈
≈≈≈≈≈≈≈≈≈(..(...≈≈≈≈≈≈≈.≈≈≈≈≈≈≈≈≈
≈≈≈≈≈≈≈≈≈.......≈≈)..≈≈..≈≈≈≈≈≈≈≈
≈≈≈≈≈≈≈≈≈((.......≈.≈≈≈≈≈≈≈≈≈≈≈≈≈
≈≈≈≈≈≈≈≈≈......hh.≈≈≈≈≈≈≈≈≈≈≈≈.≈≈
≈≈≈≈≈≈≈≈.......@h..≈≈.≈≈≈≈≈≈≈≈≈≈≈
≈≈≈≈≈.....∩.....hh.≈≈≈≈≈≈≈≈≈≈≈≈≈≈
≈≈≈≈≈.....(.....[...≈≈≈.≈≈≈≈≈≈≈≈≈
≈≈≈.≈........>).).....≈≈≈≈≈≈≈≈≈≈≈
≈≈≈.........))[.......≈≈≈≈≈≈≈≈...
≈≈≈...................≈≈≈≈≈≈≈≈...
≈≈≈..(...............≈≈≈≈≈≈≈≈≈≈..
≈≈≈≈..###..≈........≈≈≈≈≈≈≈.≈≈...
≈≈≈≈≈..#....≈..≈≈.≈≈≈≈≈≈≈≈≈≈≈≈...


You could see Kirke and 4 hogs.

Vanquished Creatures
  Arachne (Spider:3)
  A hellephant (Abyss:3)
  Rupert (D:15)
  2 tentacled starspawn (Abyss:3)
  A kraken (Shoals:1)
  7 emperor scorpions
  3 ghost moths (Spider:4)
  2 stone giants
  2 very ugly things (IceCv)
  A green draconian (Abyss:3)
  Nessos (Orc:2)
  7 entropy weavers
  A dire elephant (Lair:2)
  3 spark wasps
  A merfolk javelineer (Shoals:4)
  An ettin (D:15)
  A minotaur (Lab)
  9 merfolk impalers
  An ice dragon (Shoals:2)
  Erolcha (Orc:2)
  6 hydras
  A vault guard (D:14)
  5 merfolk avatars
  2 satyrs
  An ogre mage (D:15)
  4 centaur warriors
  3 merfolk aquamancers
  6 two-headed ogres
  12 death yaks
  A queen ant (Spider:4)
  3 orc high priests (Orc:2)
  2 tengu warriors
  A deep elf knight (D:15)
  10 sea snakes
  A deep troll (D:15)
  2 unseen horrors
  2 wizards
  2 lindwurms (Lair:2)
  4 necromancers
  4 orc knights (Orc:2)
  A wolf spider zombie (D:15)
  5 orc sorcerers
  17 orb spiders
  A deep elf mage (D:12)
  34 wolf spiders
  11 ugly things
  8 fauns
  7 cyclopes
  10 manticores
  7 elephants
  A worldbinder (Abyss:3)
  4 merfolk sirens
  An apocalypse crab (Abyss:3)
  5 black mambas
  3 water nymphs
  2 molten gargoyles (Volcano)
  2 smoke demons (Abyss:3)
  16 spiny frogs
  5 ice statues (IceCv)
  A centaur skeleton (D:15)
  A gargoyle (D:14)
  13 komodo dragons
  2 efreet
  2 freezing wraiths
  A tengu conjurer (D:15)
  5 yaktaurs
  An anaconda simulacrum (IceCv)
  8 rime drakes
  15 demonic crawlers
  An ancient zyme (Abyss:3)
  A hellwing (Abyss:3)
  3 harpy zombies (Shoals:2)
  24 merfolk
  6 trolls
  56 jumping spiders
  3 polar bears (Lair:6)
  8 wind drakes
  15 hornets
  Prince Ribbit (Lair:3)
  17 slime creatures
  A wolf spider simulacrum (D:14)
  28 blink frogs
  10 dream sheep
  5 snapping turtles
  12 hippogriffs
  A meliai zombie (D:12)
  Sigmund (D:6)
  A flying skull (Abyss:3)
  3 large abominations (Abyss:3)
  33 tarantellas
  5 wyverns
  79 redbacks
  A shadow (D:15)
  A wraith (D:15)
  A dire elephant simulacrum (IceCv)
  11 spriggans (Lair:3)
  A tarantella (shapeshifter) (Abyss:3)
  11 water elementals
  21 yaks
  2 fire elementals (Volcano)
  20 humans (D:14)
  8 fire bats (Volcano)
  4 basilisks
  Grum (D:8)
  7 vampire mosquitoes
  4 hungry ghosts
  A warg (Orc:1)
  2 harpy simulacra (IceCv)
  An iron troll simulacrum (IceCv)
  6 soldier ants
  19 water moccasins
  An acid dragon (D:12)
  3 hydra simulacra (IceCv)
  6 porcupines
  2 elephant zombies (Lair:5)
  9 ogres
  An ettin simulacrum (IceCv)
  18 orc warriors
  A sky beast (D:5)
  A black bear (D:6)
  6 phantoms
  10 ice beasts
  6 boggarts
  A tengu (Spider:4)
  2 necrophages
  13 wolves
  6 centaurs
  7 crocodiles
  4 big kobolds
  20 bullfrogs
  A hippogriff zombie (Shoals:2)
  6 earth elementals
  3 gnoll sergeants
  A wyvern skeleton (D:14)
  2 troll zombies (D:9)
  6 scorpions
  5 killer bees (D:11)
  8 howler monkeys
  8 electric eels
  6 lava snakes (Volcano)
  12 crimson imps
  3 quasits
  A bullfrog skeleton (D:13)
  6 centaur zombies
  5 jellies
  A basilisk zombie (Lair:5)
  20 orc priests
  5 hounds
  An iguana (D:9)
  An iron imp (Abyss:3)
  16 worker ants
  Natasha (thrice) (D:4)
  15 orc wizards
  6 ogre zombies (D:9)
  A crocodile zombie (Lair:5)
  3 hound zombies
  2 hound skeletons (D:4)
  2 worker ant zombies
  A howler monkey zombie (D:10)
  19 gnolls
  15 adders
  4 shadow imps
  A white imp (D:4)
  7 oozes
  3 adder zombies
  A worm (D:6)
  A dart slug (D:1)
  8 leopard geckos
  72 orcs
  10 bats
  A bat zombie (Shoals:2)
  7 giant cockroaches
  3 goblins
  9 hobgoblins
  6 jackals
  26 kobolds
  5 quokkas
  4 frilled lizards
  5 goblin skeletons
  4 goblin zombies (D:9)
  2 hobgoblin skeletons (D:9)
  4 hobgoblin zombies
  2 kobold skeletons (D:7)
  2 kobold zombies (D:7)
  A leopard gecko skeleton (D:5)
  A leopard gecko zombie (D:7)
  2 orc skeletons (D:9)
  12 orc zombies (D:9)
  8 rats
  2 plants (Shoals:2)
  2 starspawn tentacles (Abyss:3)
  4 tentacles (Shoals:1)
1264 creatures vanquished.

Vanquished Creatures (collateral kills)
  A wolf spider (Spider:3)
  An orb spider (Spider:3)
  3 redbacks (Spider:3)
5 creatures vanquished.

Vanquished Creatures (others)
  A ghost moth (Spider:4)
  2 merfolk javelineers (Shoals:3)
  A satyr (Shoals:3)
  2 manticores
  2 fauns (Shoals:3)
  A yak (D:12)
  A bush (Lair:6)
  12 fungi
  38 plants
  8 starspawn tentacles (Abyss:3)
  4 tentacles (Shoals:1)
  9 toadstools (Lair:2)
81 creatures vanquished.

Grand Total: 1350 creatures vanquished

Notes
Turn   | Place    | Note
-------+----------+-------------------------------------------
     0 | D:1      | kroki the Troll Venom Mage began the quest for the Orb.
     0 | D:1      | Reached XP level 1. HP: 16/16 MP: 1/1
    92 | D:1      | Reached skill level 1 in Unarmed Combat
   319 | D:1      | Reached XP level 2. HP: 14/24 MP: 2/2
   511 | D:1      | Reached skill level 2 in Unarmed Combat
   906 | D:2      | Reached XP level 3. HP: 31/31 MP: 3/3
   949 | D:2      | Found a shadowy altar of Dithmenos.
  1027 | D:2      | Reached skill level 3 in Unarmed Combat
  1409 | D:2      | Noticed an angel
  1410 | D:2      | Found a glowing silver altar of Zin.
  1543 | D:3      | Reached XP level 4. HP: 36/39 MP: 4/4
  1597 | D:3      | Reached skill level 4 in Unarmed Combat
  1823 | D:3      | Found a hazy altar of Hepliaklqana.
  1897 | D:3      | Reached XP level 5. HP: 26/45 MP: 5/5
  1909 | D:3      | HP: 8/45 [gnoll/spear (9)]
  2196 | D:3      | Reached skill level 5 in Unarmed Combat
  2627 | D:4      | Reached skill level 1 in Fighting
  2660 | D:4      | Noticed Natasha
  2664 | D:4      | Killed Natasha
  2664 | D:4      | Reached XP level 6. HP: 54/55 MP: 6/6
  2700 | D:4      | Noticed Natasha
  2703 | D:4      | Found Liclu's Book Shop.
  2708 | D:4      | Killed Natasha
  2761 | D:4      | Reached skill level 2 in Fighting
  2765 | D:4      | Noticed Natasha
  2785 | D:4      | Killed Natasha
  2785 | D:4      | Reached skill level 6 in Unarmed Combat
  2924 | D:4      | Found a radiant altar of Vehumet.
  3472 | D:4      | Reached XP level 7. HP: 47/66 MP: 7/7
  3642 | D:5      | Entered Level 5 of the Dungeon
  3642 | D:5      | Found an opulent altar of Gozag.
  3680 | D:5      | Reached skill level 3 in Fighting
  3692 | D:5      | Found a staircase to the Ecumenical Temple.
  3735 | D:5      | Found a stormy altar of Qazlal.
  3979 | D:6      | Noticed Sigmund
  4007 | D:6      | Killed Sigmund
  4007 | D:6      | Reached skill level 4 in Fighting
  4007 | D:6      | Reached skill level 7 in Unarmed Combat
  4016 | D:6      | Reached XP level 8. HP: 24/79 MP: 8/8
  4292 | D:5      | Reached skill level 5 in Fighting
  4292 | D:5      | Reached skill level 8 in Unarmed Combat
  4821 | D:5      | Noticed Menkaure
  5226 | Temple   | Entered the Ecumenical Temple
  5929 | D:7      | Found a glowing golden altar of the Shining One.
  6145 | D:7      | Reached skill level 9 in Unarmed Combat
  6146 | D:7      | Reached skill level 6 in Fighting
  6169 | D:7      | Found an iron altar of Okawaru.
  6174 | D:7      | Reached XP level 9. HP: 88/89 MP: 9/9
  6181 | D:7      | Became a worshipper of Warmaster Okawaru
  6450 | D:7      | Found a snail-covered altar of Cheibriados.
  6960 | D:8      | Found Ydul's Assorted Antiques.
  6965 | D:8      | Reached * piety under Okawaru
  6972 | D:8      | Bought a lumpy golden potion for 23 gold pieces
  6972 | D:8      | Bought a coppery potion for 23 gold pieces
  6982 | D:8      | Bought a scroll of identify for 52 gold pieces
  6982 | D:8      | Bought a scroll of identify for 52 gold pieces
  6994 | D:8      | Noticed Grum
  7098 | D:7      | Reached skill level 1 in Invocations
  7217 | D:8      | Killed Grum
  7217 | D:8      | Reached skill level 7 in Fighting
  7221 | D:8      | Reached skill level 10 in Unarmed Combat
  7338 | D:8      | Reached skill level 2 in Invocations
  7522 | D:8      | Found a sacrificial altar of Ru.
  7547 | D:8      | Found Aluown's Book Boutique.
  7558 | D:8      | Reached ** piety under Okawaru
  7564 | D:8      | Reached skill level 3 in Invocations
  7601 | D:8      | Found Ufonocem's Magic Scroll Shop.
  7601 | D:8      | Found Kemaonwy's General Store.
  7611 | D:8      | Bought a scroll of teleportation for 42 gold pieces
  7611 | D:8      | Bought a scroll of teleportation for 42 gold pieces
  7611 | D:8      | Bought 2 scrolls of teleportation for 84 gold pieces
  7810 | D:8      | Reached XP level 10. HP: 96/102 MP: 11/11
  8115 | D:8      | Found Tiret's Magic Scroll Emporium.
  8664 | D:9      | Reached skill level 2 in Dodging
  8677 | D:9      | Reached skill level 4 in Invocations
  8716 | D:9      | Found a staircase to the Orcish Mines.
  8751 | D:9      | Reached *** piety under Okawaru
  8751 | D:9      | Reached skill level 8 in Fighting
  8859 | D:9      | HP: 24/104 [gnoll/spear (5)]
  8868 | D:9      | HP: 21/104 [gnoll/spear (1)]
  9539 | D:9      | Found a deep blue altar of Sif Muna.
  9581 | D:9      | Found Daryisy's Demolitions Depot.
  9661 | D:9      | Noticed a two-headed ogre
  9668 | D:9      | Killed a two-headed ogre
  9668 | D:9      | Reached skill level 11 in Unarmed Combat
  9769 | D:10     | Entered Level 10 of the Dungeon
  9776 | D:10     | Reached skill level 3 in Dodging
  9801 | D:9      | Reached skill level 5 in Invocations
  9803 | D:9      | kroki: hi
 10068 | D:8      | Bought 2 scrolls of remove curse for 84 gold pieces
 10587 | D:10     | Noticed a death yak
 10591 | D:10     | Noticed a death yak
 10628 | D:10     | Killed a death yak
 10628 | D:10     | Reached skill level 1 in Shields
 10628 | D:10     | Reached XP level 11. HP: 113/113 MP: 11/14
 10632 | D:10     | Noticed a death yak
 10635 | D:10     | Killed a death yak
 10635 | D:10     | Reached **** piety under Okawaru
 10640 | D:10     | Reached skill level 4 in Dodging
 10640 | D:10     | Reached skill level 2 in Shields
 10654 | D:10     | Killed a death yak
 10735 | D:10     | Noticed a two-headed ogre
 10744 | D:10     | Killed a two-headed ogre
 10749 | D:10     | Found a staircase to the Lair.
 10845 | D:10     | Reached skill level 3 in Shields
 11006 | D:10     | Noticed a two-headed ogre
 11018 | D:10     | Killed a two-headed ogre
 11018 | D:10     | Reached ***** piety under Okawaru
 11483 | Lair:1   | Entered Level 1 of the Lair of Beasts
 11516 | Lair:1   | Reached skill level 6 in Invocations
 11538 | Lair:1   | Reached skill level 9 in Fighting
 11707 | Lair:1   | Reached skill level 4 in Shields
 11857 | Lair:1   | Received a gift from Okawaru
 12326 | Lair:2   | HP: 16/115 [spiny frog (21)]
 12331 | Lair:2   | HP: 20/115 [poisoned by a spiny frog]
 12336 | Lair:2   | HP: 13/115 [poisoned by a spiny frog]
 12341 | Lair:2   | HP: 9/115 [poisoned by a spiny frog]
 12461 | Lair:2   | Reached skill level 5 in Dodging
 12483 | Lair:2   | Reached XP level 12. HP: 107/123 MP: 15/15
 12508 | Lair:2   | Found a dark tunnel.
 12520 | Lair:2   | Reached skill level 5 in Shields
 12528 | Volcano  | Entered a volcano
 12612 | Volcano  | HP: 28/123 [lava snake/glob of lava (17)]
 12758 | Volcano  | Reached skill level 12 in Unarmed Combat
 12940 | Volcano  | Found a radiant altar of Vehumet.
 12995 | Volcano  | Noticed a stone giant
 13001 | Volcano  | HP: 30/124 [molten gargoyle/mace (12)]
 13002 | Volcano  | HP: 10/124 [molten gargoyle/mace (9)]
 13016 | Volcano  | Killed a stone giant
 13016 | Volcano  | Reached skill level 7 in Invocations
 13393 | Lair:2   | Noticed a four-headed hydra
 13407 | Lair:2   | HP: 31/124 [eight-headed hydra (7)]
 13784 | Lair:3   | Reached skill level 6 in Dodging
 13948 | Lair:3   | Found a hole to the Spider Nest.
 13997 | Lair:3   | Noticed Prince Ribbit
 14010 | Lair:3   | Received a gift from Okawaru
 14060 | Lair:3   | Noticed a six-headed hydra
 14206 | Lair:3   | Killed Prince Ribbit
 14433 | Lair:3   | Noticed a seven-headed hydra
 14445 | Lair:3   | Killed a 12-headed hydra
 14445 | Lair:3   | Reached skill level 10 in Fighting
 14854 | Lair:3   | Reached skill level 7 in Dodging
 14883 | Lair:3   | Reached XP level 13. HP: 117/135 MP: 17/17
 15316 | Lair:3   | Reached skill level 13 in Unarmed Combat
 16278 | Lair:2   | Received a gift from Okawaru
 16405 | Lair:2   | Found a runed door.
 16751 | Lair:2   | Noticed a dire elephant
 16758 | Lair:2   | Killed a dire elephant
 17049 | Lair:4   | Reached skill level 8 in Dodging
 17344 | Lair:4   | Found a staircase to the Shoals.
 17646 | Lair:4   | Reached skill level 11 in Fighting
 17712 | Lair:4   | You fall through a shaft for 2 floors!
 17712 | Lair:6   | Entered Level 6 of the Lair of Beasts
 18088 | Lair:6   | Reached skill level 14 in Unarmed Combat
 18491 | Lair:6   | Reached XP level 14. HP: 119/146 MP: 18/18
 18492 | Lair:6   | Identified a scroll of acquirement
 18512 | Lair:6   | Received a gift from Okawaru
 18570 | Lair:6   | Reached skill level 9 in Dodging
 19111 | Lair:6   | Received a gift from Okawaru
 19136 | Lair:6   | Reached skill level 6 in Shields
 20596 | Lair:5   | Reached skill level 7 in Shields
 20673 | Lair:5   | Found a viscous altar of Jiyva.
 20675 | Lair:5   | Found a staircase to the Slime Pits.
 21466 | Lair:4   | Reached skill level 12 in Fighting
 21637 | Orc:1    | Entered Level 1 of the Orcish Mines
 21723 | Orc:1    | Found Ucazxy's Assorted Antiques.
 21756 | Orc:1    | Bought an emerald potion for 14 gold pieces
 22019 | Orc:2    | Entered Level 2 of the Orcish Mines
 22019 | Orc:2    | Noticed Erolcha
 22026 | Orc:2    | Killed Erolcha
 22201 | Orc:2    | Noticed Nessos
 22205 | Orc:2    | Noticed a stone giant
 22221 | Orc:2    | Killed a stone giant
 22239 | Orc:2    | Killed Nessos
 22239 | Orc:2    | Received a gift from Okawaru
 22244 | Orc:2    | Got a warped robe {god gift}
 22245 | Orc:2    | Identified the +1 robe "Xyniewuz" {rPois rC+ Slay+2} (Okawaru gifted it to you on level 2 of the Orcish Mines)
 22413 | Orc:2    | Reached skill level 1 in Evocations
 22422 | Orc:2    | Found Wergham's General Store.
 22429 | Orc:2    | Reached skill level 2 in Evocations
 22647 | Orc:2    | Found Wiasiung's Food Shoppe.
 22667 | Orc:2    | Found Hariw's General Store.
 22670 | Orc:2    | Found Ymiricua's Antique Weapon Shop.
 22845 | Orc:2    | Reached skill level 3 in Evocations
 22915 | Orc:2    | Found a staircase to the Elven Halls.
 23088 | Orc:2    | Bought a scroll of identify for 30 gold pieces
 23088 | Orc:2    | Bought a potion of mutation for 120 gold pieces
 23088 | Orc:2    | Bought a scroll of identify for 30 gold pieces
 23088 | Orc:2    | Bought a potion of haste for 150 gold pieces
 23088 | Orc:2    | Bought a potion of heal wounds for 75 gold pieces
 23088 | Orc:2    | Bought a potion of mutation for 120 gold pieces
 23099 | Orc:2    | Bought a potion of haste for 130 gold pieces
 23099 | Orc:2    | Bought a scroll of teleportation for 39 gold pieces
 23099 | Orc:2    | Bought a potion of curing for 39 gold pieces
 23099 | Orc:2    | kroki: ohio
 23320 | D:11     | Reached XP level 15. HP: 156/156 MP: 19/19
 23459 | D:11     | Found a shattered altar of Ashenzari.
 24135 | D:12     | Reached skill level 15 in Unarmed Combat
 24140 | D:12     | HP: 35/157 [soldier ant (5)]
 24144 | D:12     | HP: 9/157 [electric eel/bolt of electricity (11)]
 24144 | D:12     | HP: 3/157 [soldier ant (6)]
 24477 | D:12     | Got an ebony long sword
 24538 | D:12     | Found an opulent altar of Gozag.
 24601 | D:12     | Found a glowing silver altar of Zin.
 24639 | D:12     | Received a gift from Okawaru
 24727 | D:12     | Got a steaming hand crossbow
 24818 | D:12     | Reached skill level 8 in Shields
 25042 | D:12     | Found Aptadim's Magic Scroll Shoppe.
 25056 | D:12     | Bought a scroll of magic mapping for 49 gold pieces
 25056 | D:12     | Bought a scroll of magic mapping for 49 gold pieces
 25056 | D:12     | Bought a scroll of enchant armour for 105 gold pieces
 25056 | D:12     | Bought a scroll of immolation for 49 gold pieces
 25056 | D:12     | Bought a scroll of immolation for 49 gold pieces
 25618 | D:13     | Reached skill level 10 in Dodging
 25987 | D:13     | Found a bloodstained altar of Trog.
 26562 | D:14     | Found a labyrinth entrance.
 26567 | D:14     | Reached skill level 1 in Throwing
 26571 | Lab      | Entered a labyrinth
 27133 | Lab      | kroki: wow fuck this lab
 27916 | Lab      | kroki: what the fuck is wrong
 27916 | Lab      | kroki: with this fucking lab
 28154 | Lab      | Got an ancient bronze ring
 28168 | Lab      | Identified the ring of the Scarab {*Tele Str-2 Int+3 Dex+4} (You found it in a labyrinth)
 28718 | D:14     | Reached skill level 2 in Throwing
 29040 | D:14     | Reached skill level 3 in Throwing
 29162 | D:14     | Found a gate to the Vaults.
 29425 | D:14     | Learned a level 6 spell: Statue Form
 29446 | D:15     | Entered Level 15 of the Dungeon
 29484 | D:15     | Noticed Rupert
 29490 | D:15     | Paralysed by Rupert for 2 turns
 29497 | D:15     | Killed Rupert
 29561 | D:15     | Reached skill level 1 in Earth Magic
 29613 | D:15     | Reached skill level 1 in Transmutations
 29663 | D:15     | Reached skill level 2 in Earth Magic
 29790 | D:15     | Received a gift from Okawaru
 29791 | D:15     | Got an ichor-stained cloak {god gift}
 30092 | D:15     | Found a staircase to the Depths.
 30095 | D:15     | Identified the +0 cloak "Nasagg" {*Corrode rPois Str+4 Dex+3} (Okawaru gifted it to you on level 15 of the Dungeon)
 30101 | D:15     | Reached skill level 2 in Transmutations
 30239 | D:15     | Reached XP level 16. HP: 158/167 MP: 17/20
 30583 | D:15     | Reached skill level 3 in Earth Magic
 30863 | Depths:1 | Entered Level 1 of the Depths
 31106 | Spider:1 | Entered Level 1 of the Spider Nest
 31348 | Spider:1 | Reached skill level 3 in Transmutations
 31597 | Spider:1 | Reached skill level 4 in Earth Magic
 32706 | Spider:2 | Reached skill level 16 in Unarmed Combat
 32715 | Spider:1 | Received a gift from Okawaru
 32733 | Spider:1 | Reached skill level 5 in Earth Magic
 32853 | Spider:2 | Reached skill level 4 in Transmutations
 33997 | Spider:2 | Reached skill level 13 in Fighting
 34230 | Spider:2 | Reached skill level 11 in Dodging
 34246 | Spider:2 | Reached skill level 6 in Earth Magic
 34534 | Spider:2 | Paralysed by a hornet for 1 turns
 34744 | Spider:3 | Reached skill level 5 in Transmutations
 34819 | Spider:3 | Received a gift from Okawaru
 35120 | Spider:3 | Reached XP level 17. HP: 176/176 MP: 21/21
 35460 | Spider:3 | Reached skill level 7 in Earth Magic
 35560 | Spider:3 | Reached ****** piety under Okawaru
 36074 | Spider:3 | Received a gift from Okawaru
 36546 | Spider:4 | Entered Level 4 of the Spider Nest
 36546 | Spider:4 | Noticed Arachne
 36565 | Spider:3 | Killed Arachne
 37000 | Spider:4 | Reached skill level 6 in Transmutations
 37081 | Spider:4 | Reached skill level 8 in Earth Magic
 37700 | Spider:4 | Received a gift from Okawaru
 37713 | Spider:4 | Received a gift from Okawaru
 37724 | Spider:4 | HP: 35/178 [emperor scorpion/exploding inner flame[the player character] (18)]
 37972 | Spider:4 | Got a gossamer rune of Zot
 38020 | Spider:4 | Received a gift from Okawaru
 38023 | Spider:4 | Got a twisted shield {god gift}
 38045 | Spider:4 | Identified the +1 shield of the Gate {Slay+2} (Okawaru gifted it to you on level 4 of the Spider Nest)
 39149 | Shoals:1 | Entered Level 1 of the Shoals
 39157 | Shoals:1 | Reached skill level 7 in Transmutations
 39335 | Shoals:1 | Reached skill level 9 in Earth Magic
 39461 | Shoals:1 | Noticed a kraken
 39474 | Shoals:1 | Killed a kraken
 39729 | Shoals:1 | Got a steaming short sword
 40398 | Shoals:1 | Reached XP level 18. HP: 157/187 MP: 22/22
 40589 | Shoals:2 | Found a frozen archway.
 40627 | IceCv    | Entered an ice cave
 40774 | IceCv    | HP: 40/187 [ice statue/bolt of cold (11)]
 40781 | IceCv    | HP: 37/187 [ice statue/bolt of cold (6)]
 40786 | IceCv    | HP: 33/187 [ice beast[an ice statue] (2)]
 41141 | IceCv    | Got a transparent iron ring
 41146 | IceCv    | Identified the ring of Enlun {+Inv rElec MR- MP+9 Stlth-} (You found it in an ice cave)
 42018 | Shoals:2 | Received a gift from Okawaru
 42417 | Shoals:3 | Reached skill level 8 in Transmutations
 42561 | Shoals:3 | Found Neeshaer's Magic Scroll Boutique.
 42626 | Shoals:3 | Reached skill level 10 in Earth Magic
 43385 | Shoals:4 | Entered Level 4 of the Shoals
 43589 | Shoals:4 | Cast into level 2 of the Abyss (merfolk javelineer)
 43589 | Abyss:2  | Found a corrupted altar of Lugonu.
 43728 | Abyss:3  | Paralysed by you for 3 turns
 43743 | Abyss:3  | Reached skill level 17 in Unarmed Combat
 43840 | Abyss:3  | Noticed a hellephant
 43871 | Abyss:3  | HP: 39/188 [hellephant (16)]
 43873 | Abyss:3  | Killed a hellephant
 43936 | Abyss:3  | Found a corrupted altar of Lugonu.
 43982 | Shoals:4 | Escaped the Abyss
 43994 | Shoals:4 | HP: 42/188 [merfolk impaler/trident of protection (11)]
 43995 | Shoals:4 | HP: 8/188 [merfolk impaler/trident of protection (18)]
 44000 | Shoals:4 | HP: 9/188 [merfolk impaler/trident of protection (14)]
 44001 | Shoals:4 | Noticed Kirke
 44002 | Shoals:4 | Found Viastroy's Antique Armour Shoppe.
 44009 | Shoals:3 | HP: 29/188 [hog[Kirke] (12)]
 44010 | Shoals:3 | HP: 11/188 [hog[Kirke] (12)]
 44010 | Shoals:3 | HP: 5/188 [Kirke (6)]
 44012 | Shoals:3 | Slain by a hog

Vault maps used:
D:1:      minmay_arrival_five_plusses, corner_web_ring
D:2:      zin_angel, lemuel_coloured_pillars_altar, first_bread, minivault_14,
          minmay_tall_x
D:3:      old_standard_altar, minmay_bisected
D:4:      lemuel_crystal_altar, serial_shops, shop, minmay_fire_ice_demons,
          uniq_natasha
D:5:      overflow_temple_1_default, tgw_fedhas, grunt_qazlal_clouds,
          minmay_temple_entry_from_below_a, kennysheep_crisscross, uniq_menkaure
D:6:      nicolae_benzene_ring, uniq_sigmund
D:7:      cheibriados_altar_1, okawaru_trees_1, nicolae_tso_besieged_by_evil
D:8:      cheibrodos_iron_armory, nicolae_ru_sacrificial_ziggurat, serial_shops,
          shop, shop_fountains, kennysheep_mini_moat, shop, shop_fountains,
          hangedman_little_slice_of_home, dk_rats_in_the_wall, uniq_grum
D:9:      kennysheep_little_box, zombieorc2_lemuel, minmay_strange_pillars,
          nicolae_blasting_shop
D:10:     dpeg_lair_monsters
D:11:     minmay_cornered_nines, corexii_checkpoint_a,
          nicolae_ashenzari_panopticon
D:12:     minmay_blocky_corners, serial_bayou, serial_bayou_lake_a,
          serial_bayou_shore_a, serial_bayou_pond_e, serial_bayou_pond_d,
          serial_shops, shop_statue, basic_altar, grunt_gozag_statues
D:13:     basic_altar
D:14:     grunt_vaults_entry_tiered, lab_entry_generic
D:15:     hangedman_depths_entry_civil_slaughter,
          roderic_chinese_pattern_swastika, uniq_rupert
Temple:   jpeg_temple_island
Lair:2:   gammafunk_lair_enchanted_lake, nicolae_volcano_entry_vermiform,
          beast_lair_carwin_3, grunt_megastairs_5
Lair:3:   kb_forest_paths, nicolae_spider_entry_tight_spaces,
          uniq_prince_ribbit2
Lair:4:   shoals_dummy_entry
Lair:5:   pond_and_an_island_with_a_cottage, dpeg_slime_entry_enclosed_altar
Lair:6:   gammafunk_lair_ancient_temple, minmay_lair_oklob_chamber
Shoals:1: abandoned_shop
Shoals:2: portal_ice_cave_entry_dragon, nicolae_shoals_undead_eyrie
Shoals:3: serial_shops, shop
Shoals:4: shoals_end_simple, shoal_ilsuiw, serial_shops, nicolae_shop_crystal,
          uniq_kirke
Spider:1: nicolae_spider_mines_1
Spider:2: spiders_nest_scorpion_pit, nicolae_spider_cling_halls
Spider:3: hangedman_stitches_earthworm
Spider:4: spider_rune_water, nicolae_spider_ant_collections, uniq_arachne
Orc:1:    serial_shops, nicolae_shop_overgrown_old_shop, uniq_erolcha
Orc:2:    st_orc_elflike, uniq_nessos
Depths:1: minivault_14, grunt_pan_entry_sceptre, hell_entry, abandoned_shop,
          nicolae_wwwww, evilmike_butchery, serial_bayou_shore_b,
          minmay_shop_grove
Abyss:3:  nicolae_abyss_rune_left_handed
IceCv:    ice_cave_statue_garden_chambered
Volcano:  volcano_grotto

Skill      XL: |  1  2  3  4  5  6  7  8  9 10 11 12 13 14 15 16 17 18 |
---------------+-------------------------------------------------------+-----
Unarmed Combat | 1 2 3 4 5 6 7 9 10 11 12 14 15 16 17 | 17.0
Fighting       | 1 2 4 6 7 8 9 10 11 12 13 | 13.9
Invocations    | 3 5 6 7 |  7.3
Dodging        | 3 5 7 8 9 10 11 | 11.9
Shields        | 1 4 5 7 8 |  8.4
Evocations     | 3 |  3.0
Throwing       | 3 |  3.7
Earth Magic    | 2 6 9 10 | 10.6
Transmutations | 2 5 7 8 |  8.8
Stealth        | |  1.0
Spellcasting   | |  1.2
Conjurations   | |  0.6
Poison Magic   | |  2.1

Action                   |  1- 3 |  4- 6 |  7- 9 | 10-12 | 13-15 | 16-18 || total
-------------------------+-------+-------+-------+-------+-------+-------++-------
Melee: Unarmed           |   100 |   157 |   319 |   672 |  1270 |  1725 ||  4243
       Punch             |     1 |     2 |    14 |    14 |       |       ||    31
Throw: Tomahawk          |       |    43 |    35 |    35 |   138 |       ||   251
       Large rock        |       |       |       |    20 |   195 |   257 ||   472
       Javelin           |       |       |       |       |    37 |       ||    37
Invok: Heroism           |       |       |     2 |    17 |    25 |    36 ||    80
       Finesse           |       |       |       |     2 |     6 |     4 ||    12
Evoke: Wand              |       |       |       |       |     8 |     3 ||    11
  Use: Scroll            |     6 |     6 |     8 |    11 |    22 |    18 ||    71
       Potion            |       |       |     5 |    10 |     2 |    22 ||    39
 Stab: Confused          |       |       |       |       |     1 |       ||     1
       Distracted        |       |       |       |       |     1 |       ||     1
       Paralysed         |       |       |       |       |       |     2 ||     2
  Eat: Chunk             |    19 |    18 |    39 |    65 |   139 |    97 ||   377
       Royal jelly       |       |       |     6 |     2 |     5 |     2 ||    15
       Meat ration       |       |       |       |       |       |     6 ||     6
Armor: Robe              |    31 |    58 |    94 |   222 |       |       ||   405
       Skin              |       |       |       |    15 |       |       ||    15
       Fire dragon scale |       |       |       |     4 |   550 |   709 ||  1263
Dodge: Dodged            |    39 |    57 |   172 |   293 |   385 |  1031 ||  1977
Block: Shield            |       |       |       |   205 |   206 |       ||   411
       Large shield      |       |       |       |       |   856 |  2214 ||  3070
       Reflection        |       |       |       |       |       |    77 ||    77
       Other             |       |       |       |       |       |     1 ||     1

Vault maps used:
D:1:      minmay_arrival_five_plusses, corner_web_ring
D:2:      zin_angel, lemuel_coloured_pillars_altar, first_bread, minivault_14,
          minmay_tall_x
D:3:      old_standard_altar, minmay_bisected
D:4:      lemuel_crystal_altar, serial_shops, shop, minmay_fire_ice_demons,
          uniq_natasha
D:5:      overflow_temple_1_default, tgw_fedhas, grunt_qazlal_clouds,
          minmay_temple_entry_from_below_a, kennysheep_crisscross, uniq_menkaure
D:6:      nicolae_benzene_ring, uniq_sigmund
D:7:      cheibriados_altar_1, okawaru_trees_1, nicolae_tso_besieged_by_evil
D:8:      cheibrodos_iron_armory, nicolae_ru_sacrificial_ziggurat, serial_shops,
          shop, shop_fountains, kennysheep_mini_moat, shop, shop_fountains,
          hangedman_little_slice_of_home, dk_rats_in_the_wall, uniq_grum
D:9:      kennysheep_little_box, zombieorc2_lemuel, minmay_strange_pillars,
          nicolae_blasting_shop
D:10:     dpeg_lair_monsters
D:11:     minmay_cornered_nines, corexii_checkpoint_a,
          nicolae_ashenzari_panopticon
D:12:     minmay_blocky_corners, serial_bayou, serial_bayou_lake_a,
          serial_bayou_shore_a, serial_bayou_pond_e, serial_bayou_pond_d,
          serial_shops, shop_statue, basic_altar, grunt_gozag_statues
D:13:     basic_altar
D:14:     grunt_vaults_entry_tiered, lab_entry_generic
D:15:     hangedman_depths_entry_civil_slaughter,
          roderic_chinese_pattern_swastika, uniq_rupert
Temple:   jpeg_temple_island
Lair:2:   gammafunk_lair_enchanted_lake, nicolae_volcano_entry_vermiform,
          beast_lair_carwin_3, grunt_megastairs_5
Lair:3:   kb_forest_paths, nicolae_spider_entry_tight_spaces,
          uniq_prince_ribbit2
Lair:4:   shoals_dummy_entry
Lair:5:   pond_and_an_island_with_a_cottage, dpeg_slime_entry_enclosed_altar
Lair:6:   gammafunk_lair_ancient_temple, minmay_lair_oklob_chamber
Shoals:1: abandoned_shop
Shoals:2: portal_ice_cave_entry_dragon, nicolae_shoals_undead_eyrie
Shoals:3: serial_shops, shop
Shoals:4: shoals_end_simple, shoal_ilsuiw, serial_shops, nicolae_shop_crystal,
          uniq_kirke
Spider:1: nicolae_spider_mines_1
Spider:2: spiders_nest_scorpion_pit, nicolae_spider_cling_halls
Spider:3: hangedman_stitches_earthworm
Spider:4: spider_rune_water, nicolae_spider_ant_collections, uniq_arachne
Orc:1:    serial_shops, nicolae_shop_overgrown_old_shop, uniq_erolcha
Orc:2:    st_orc_elflike, uniq_nessos
Depths:1: minivault_14, grunt_pan_entry_sceptre, hell_entry, abandoned_shop,
          nicolae_wwwww, evilmike_butchery, serial_bayou_shore_b,
          minmay_shop_grove
Abyss:3:  nicolae_abyss_rune_left_handed
IceCv:    ice_cave_statue_garden_chambered
Volcano:  volcano_grotto

Table legend:
 A = Turns spent in this place as a percentage of turns spent in the entire game.
 B = Non-inter-level travel turns spent in this place as a percentage of non-inter-level travel turns spent in the entire game.
 C = Inter-level travel turns spent in this place as a percentage of turns spent in this place.
 D = Turns resting spent in this place as a percentage of non-inter-level travel turns spent in this place.
 E = Turns spent auto-exploring this place as a percentage of non-inter-level travel turns spent in this place.
 F = Non-inter-level travel turns spent in this place divided by the number of levels of this place that you've seen.
                   A       B       C       D       E      F
               +-------+-------+-------+-------+-------+----------------------
         Total | 100.0 | 100.0 |   0.3 |   0.6 |   9.5 | 594.3
       Dungeon |  40.4 |  40.3 |   0.4 |   0.2 |  12.1 | 607.2
        Temple |   0.1 |   0.1 |   5.3 |   0.0 |  11.1 |  18.0
          Lair |  19.2 |  19.2 |   0.3 |   0.7 |  11.8 | 723.2
        Shoals |   8.9 |   8.9 |   0.2 |   1.2 |   7.7 | 502.5
   Spider Nest |  16.0 |  16.1 |   0.2 |   0.3 |   7.3 | 906.8
  Orcish Mines |   3.3 |   3.3 |   0.5 |   0.4 |  13.0 | 376.0
        Depths |   0.0 |   0.0 |   0.0 |   0.0 |   0.0 |   2.0
         Abyss |   1.8 |   1.9 |   0.0 |   1.9 |   0.0 | 209.5
     Labyrinth |   7.6 |   7.6 |   0.0 |   0.1 |   0.0 | 1726.0
      Ice Cave |   1.5 |   1.5 |   0.0 |   1.2 |   4.6 | 329.0
       Volcano |   1.1 |   1.1 |   0.0 |  10.6 |   2.0 | 255.0
               +-------+-------+-------+-------+-------+----------------------

Table legend:
 A = Kills in this place as a percentage of kills in entire the game.
 B = Kills by you in this place as a percentage of kills by you in the entire game.
 C = Kills by friends in this place as a percentage of kills by friends in the entire game.
 D = Other kills in this place as a percentage of other kills in the entire game.
 E = Experience gained in this place as a percentage of experience gained in the entire game.
 F = Experience gained in this place divided by the number of levels of this place that you have seen.
                   A       B       C       D       E      F
               +-------+-------+-------+-------+-------+----------------------
         Total | 100.0 | 100.0 | 100.0 | 100.0 | 100.0 | 9380.7
       Dungeon |  41.2 |  41.9 |   0.0 |   0.0 |  20.3 | 4817.1
          Lair |  17.4 |  17.7 |   0.0 |   0.0 |  19.6 | 11631.8
        Shoals |   9.1 |   8.6 |   0.0 |  46.7 |  17.0 | 15173.5
   Spider Nest |  22.1 |  21.9 | 100.0 |   6.7 |  31.4 | 27997.0
  Orcish Mines |   5.4 |   4.9 |   0.0 |  46.7 |   3.8 | 6834.5
         Abyss |   1.3 |   1.4 |   0.0 |   0.0 |   4.1 | 7234.0
     Labyrinth |   0.1 |   0.1 |   0.0 |   0.0 |   0.3 | 1065.0
      Ice Cave |   1.7 |   1.8 |   0.0 |   0.0 |   2.1 | 7465.0
       Volcano |   1.7 |   1.8 |   0.0 |   0.0 |   1.4 | 5070.0
               +-------+-------+-------+-------+-------+----------------------
